 Dungeon Crawl Stone Soup version 0.31-a0-968-g24f9ace8b5 (webtiles) character file.

Game seed: 4553659163505885985

58 Dittersdorf the Covered (level 4, 0/29 HPs)
             Began as a Gargoyle Fighter on Oct 27, 2023.
             Slain by Grinder (5 damage)
             ... on level 2 of the Dungeon.
             The game lasted 00:01:42 (1295 turns).

Dittersdorf the Covered (Gargoyle Fighter)          Turns: 1295, Time: 00:01:42

Health: 0/29       AC: 15    Str: 22    XL:     4   Next: 1%
Magic:  4/4        EV:  9    Int:  8    God:
Gold:   90         SH:  4    Dex:  9    Spells: 3/3 levels left

rFire   . . .        a - +0 flail
rCold   . . .        c - +0 buckler
rNeg    + . .        b - +0 scale mail
rPois   ∞            (no helmet)
rElec   +            (no cloak)
rCorr   .            m - +0 pair of gloves
SInv    .            (no boots)
Will    .....        (no amulet) Stlth
                     e - +4 ring of protection
HPRegen 0.24/turn    (no ring)
MPRegen 0.09/turn

%: no passive effects
@: no status effects
A: sickness immunity, AC +3, negative energy resistance 1, electricity
resistance, torment resistance 1, petrification resistance
a: no special abilities


You were on level 2 of the Dungeon.
You visited 1 branch of the dungeon, and saw 3 of its levels.

You collected 90 gold pieces.

Inventory:

Hand Weapons
 a - a +0 flail (weapon)
Armour
 b - a +0 scale mail (worn)
 c - a +0 buckler (worn)
 m - a +0 pair of gloves (worn)
Jewellery
 e - a +4 ring of protection (left hand)
Scrolls
 i - a scroll of enchant weapon {unknown}
 j - a scroll of vulnerability {unknown}
 k - 2 scrolls of identify {unknown}
 l - 2 scrolls of teleportation {unknown}
Potions
 d - a potion of might
 f - 2 potions of cancellation {unknown}
 g - a potion of curing {unknown}
 h - a potion of lignification {unknown}
 n - a potion of degeneration {unknown}
 o - 3 potions of haste {unknown}
 p - 2 potions of enlightenment {unknown}


   Skills:
 + Level 3.8 Fighting
 + Level 2.6 Maces & Flails
 + Level 3.9 Armour
 + Level 3.8 Shields


You had 3 spell levels left.
You didn't know any spells.
Your spell library contained the following spells:

 Spells                   Type           Power      Damage    Failure   Level
 Ensorcelled Hibernation  Hex/Ice        0%         N/A       90%         2
 Jinxbite                 Hex            0%         N/A       90%         2
 Passwall                 Tmut/Erth      0%         N/A       90%         2
 Swiftness                Air            0%         N/A       99%         3
 Anguish                  Hex/Necr       0%         N/A       100%        4


Dungeon Overview and Level Annotations

Branches:
Dungeon (3/15)

Altars:

Shops:
D:2 (

Annotations:
D:2 Grinder


Innate Abilities, Weirdness & Mutations

You are immune to sickness and miasma.
Your stone body is resilient. (AC +3)
You are immune to poison.
You resist negative energy. (rN+)
You are resistant to electric shocks. (rElec)
You are resistant to unholy torment.
You are immune to petrification.


Message History

The ball python hisses angrily.
Grinder hits you but does no damage.
You climb upwards.
There is a stone staircase leading down here.
You hit Grinder.
Grinder is moderately wounded.
Grinder hits you but does no damage.
You hit Grinder but do no damage.
Grinder is lightly wounded.
Grinder hits you but does no damage.
You barely miss Grinder.
Grinder is lightly wounded.
Grinder hits you but does no damage.
You hit Grinder but do no damage.
Grinder is lightly wounded.
You block Grinder's attack.
Grinder says, "FISH!"
Grinder hits you but does no damage.
You sock Grinder!
Grinder is heavily wounded.
Grinder hits you.
* * * LOW HITPOINT WARNING * * *
You closely miss Grinder.
Grinder is heavily wounded.
Grinder says, "Mostly I couldn't keep them alive."
Grinder hits you.
* * * LOW HITPOINT WARNING * * *
You writhe in agony.
* * * LOW HITPOINT WARNING * * *
You barely miss Grinder.
Grinder is heavily wounded.
You block Grinder's attack.
You hit Grinder.
Grinder is heavily wounded.
You block Grinder's attack. Grinder hits you but does no damage.
You sock Grinder!
Grinder is almost dead.
Grinder hits you.
You die...
Grinder says, "Now the real fun starts!"

#.# #.# #.# #.# #.# #.#
#.#####.# #.# #.....#.#
#.########### #####.#.#
#...)........ #†#.#
############# #.#.######
#.......5# #.....##@#
#.###.##.# #.#
#....################
#.###.##.............)...
#.....##.################
########.## # #...#### #
#......# # #...##.# #


You could see Grinder.

Vanquished Creatures
  2 adders
  A dart slug (D:2)
  4 orcs
  3 bats
  4 endoplasms
  A giant cockroach (D:2)
  3 goblins (D:2)
  3 hobgoblins
  3 kobolds
  2 quokkas (D:1)
  3 ball pythons
  3 rats (D:2)
32 creatures vanquished.

Notes
Turn   | Place    | Note
-------+----------+-------------------------------------------
     0 | D:1      | Dittersdorf the Gargoyle Fighter began the quest for the
                  | Orb.
     0 | D:1      | Reached XP level 1. HP: 14/14 MP: 1/1
   131 | D:1      | Reached XP level 2. HP: 19/19 MP: 2/2
   606 | D:2      | Reached XP level 3. HP: 23/23 MP: 3/3
   986 | D:2      | Found Zyfuoth's Weapon Emporium.
  1183 | D:3      | Noticed Grinder
  1216 | D:3      | Reached XP level 4. HP: 15/29 MP: 4/4
  1274 | D:3      | Paralysed by Grinder for 4 turns
  1279 | D:3      | Paralysed by Grinder for 5 turns
  1295 | D:2      | Slain by Grinder

Illustrated notes

Levels and vault maps discovered:
D:1:      minmay_arrival_up_and_down, layout_rooms
D:2:      layout_loops_ring, serial_shops, nicolae_shop_hallway_stairs
D:3:      layout_loops_cross, uniq_grinder, uniq_terence

Action                     |  1- 3 |  4- 6 || total
---------------------------+-------+-------++-------
  Melee: Flail             |   109 |    11 ||   120
 Armour: Scale mail        |    85 |    12 ||    97
  Dodge: Dodged            |    60 |     1 ||    61
  Block: Buckler           |    23 |     3 ||    26

Table legend: (Time is in decaauts)
 A = Elapsed time spent in this place.
 B = Non-inter-level travel time spent in this place.
 C = Inter-level travel time spent in this place.
 D = Time resting spent in this place.
 E = Time spent auto-exploring this place.
 F = Levels seen in this place.
 G = Mean time per level.
                   A        B        C        D        E       F      G
               +--------+--------+--------+--------+--------+-----+--------+
         Total |   1331 |   1255 |     76 |     35 |    881 |   3 |  443.7 |
       Dungeon |   1331 |   1255 |     76 |     35 |    881 |   3 |  443.7 |
               +--------+--------+--------+--------+--------+-----+--------+

Top non-repeatable levels by time:
     D:2: 682 daAuts
     D:1: 513 daAuts
     D:3: 134 daAuts
